 Dungeon Crawl Stone Soup version 0.31-a0-232-gb1c03b2570 (webtiles) character file.

Game seed: 8741013509482708963

743 qw the Shooter (level 7, -2/60 HPs)
             Began as a Minotaur Hexslinger on July 7, 2023.
             Slain by a gnoll
             ... wielding a +0 spear
             ... led by a gnoll bouda
              (5 damage)
             ... on level 6 of the Dungeon.
             The game lasted 00:01:46 (3828 turns).

qw the Shooter (Minotaur Hexslinger)                Turns: 3828, Time: 00:01:47

Health: -2/60      AC:  8    Str: 13    XL:     7   Next: 47%
Magic:  7/7        EV: 11    Int: 10    God:
Gold:   158        SH:  0    Dex: 14    Spells: 7/8 levels left

rFire   . . .        Y - +0 shortbow
rCold   . . .        (shield currently unavailable)
rNeg    . . .        a - +0 ring mail
rPois   .            (helmet restricted)
rElec   .            f - +0 cloak
rCorr   .            m - +0 pair of gloves
SInv    .            e - +0 pair of boots
Will    .....        (no amulet)
Stlth   +            (no ring)
HPRegen 0.30/turn    (no ring)
MPRegen 0.10/turn

%: no passive effects
@: about to teleport, weakened
A: horns 2, retaliatory headbutt
a: no special abilities


You were on level 6 of the Dungeon.
You visited 2 branches of the dungeon, and saw 7 of its levels.

You collected 291 gold pieces.
You spent 133 gold pieces at shops.


Innate Abilities, Weirdness & Mutations

You have a pair of horns on your head.
You reflexively headbutt those who attack you in melee.


   Skills:
 - Level 4.8 Fighting
 + Level 7.9 Ranged Weapons
 - Level 2.2 Armour
 - Level 2.1 Dodging
 - Level 1.0 Spellcasting
 - Level 2.0 Hexes


You had 7 spell levels left.
You knew the following spells:

 Your Spells              Type           Power      Damage    Failure   Level
a - Slow                  Hex            16%        N/A       32%         1

Your spell library contained the following spells:

 Spells                   Type           Power      Damage    Failure   Level
 Inner Flame              Hex/Fire       2%         N/A       82%         3
 Portal Projectile        Hex/Tloc       4%         N/A       82%         3
 Cause Fear               Hex            2%         N/A       97%         4

Inventory:

Hand Weapons
 Y - a +0 shortbow (weapon)
Armour
 a - a +0 ring mail (worn)
 e - a +0 pair of boots (worn)
 f - a +0 cloak (worn)
 m - a +0 pair of gloves (worn)
Scrolls
 c - a scroll of identify
Potions
 d - a potion of might
 h - a potion of enlightenment {unknown}
 i - a potion of haste
 j - a potion of mutation {unknown}
 k - a potion of curing
 l - a potion of ambrosia {unknown}

Dungeon Overview and Level Annotations

Branches:
Dungeon (6/15)             Temple (1/1) D:4

Altars:
Ashenzari
Cheibriados
Elyvilon
Fedhas
Kikubaaqudgha
Qazlal
Ru
Sif Muna
Trog
Uskayaw
Vehumet
Wu Jian
Xom
Yredelemnul
Zin

Shops:
D:2 [*

Annotations:
D:3 2 transporters, exclusion: 2 iron imps, qw's ghost, amateur GrHs
D:4 1 runed translucent door, Crazy Yiuf


Message History

The gnolls pick up the pace!
The gnoll hits you but does no damage. The gnoll barely misses you.
The gnoll hits you from afar with a +0 halberd!
You shoot an arrow. The arrow hits the gnoll bouda!
The gnoll bouda is severely wounded.
The gnoll misses you. The gnoll bouda completely misses you.
The gnoll closely misses you. The gnoll hits you but does no damage.
You shoot an arrow.
The arrow hits the gnoll bouda but does no damage.
The gnoll bouda is severely wounded.
The gnoll bouda gazes fiercely through you!
You feel as though you will be weak longer.
The gnoll bouda hits you with a +0 whip.
The gnoll barely misses you. The gnoll closely misses you.
The gnoll barely misses you.
You shoot an arrow.
The arrow hits the gnoll bouda but does no damage.
The gnoll bouda is severely wounded.
The gnoll bouda hits you with a +0 whip.
The gnoll hits you from afar with a +0 spear.
The gnoll hits you from afar with a +0 halberd!
The gnoll hits you from afar with a +0 spear.
The gnoll bouda closely misses you. You furiously retaliate!
You headbutt the gnoll bouda. The gnoll closely misses you.
The gnoll hits you from afar with a +0 spear.
The gnoll misses you.
3826 ||| READING scroll of teleportation.
As you read the scroll of teleportation, it crumbles to dust.
You feel strangely unstable. The gnoll closely misses you.
The gnoll barely misses you. The gnoll closely misses you.
The gnoll bouda hits you with a +0 whip.
You shoot an arrow. The arrow hits the gnoll bouda!
You kill the gnoll bouda!
The gnoll hits you from afar with a +0 spear.
The gnoll closely misses you. x2
You shoot an arrow. The arrow barely misses the gnoll.
The gnoll barely misses you.
The gnoll hits you from afar with a +0 spear.
You die... ###### #....# +....# ....# #######+###+## ggg

.<...........###)#
.............#.)@#
.............#...#
.............#'###...
#######'#.............
........+.............
........#.............
#####...#.............
..###...#.............
........#....######+##


You could see 3 gnolls.

Vanquished Creatures
  A centaur (D:5)
  2 ogres
  A howler monkey (D:5)
  A gnoll bouda (D:6)
  6 hounds
  A jelly (D:5)
  2 iguanas (D:4)
  A gnoll (D:6)
  6 adders
  2 ufetubi
  A worm (D:4)
  2 dart slugs
  5 orcs
  5 ball pythons
  4 bats
  9 endoplasms
  6 giant cockroaches
  7 goblins
  5 hobgoblins
  14 jackals
  5 kobolds
  5 quokkas
  4 frilled lizards
  4 rats
99 creatures vanquished.

Notes
Turn   | Place    | Note
-------+----------+-------------------------------------------
     0 | D:1      | qw the Minotaur Hexslinger began the quest for the Orb.
     0 | D:1      | Reached XP level 1. HP: 16/16 MP: 1/1
     0 | D:1      | 0 ||| qw: Version: 0.3-a-46-gb1f654a
     0 | D:1      | 0 ||| qw: Game counter: 2893
     0 | D:1      | 0 ||| qw: Melee chars always use a shield: true
     0 | D:1      | 0 ||| qw: God list: Okawaru
     0 | D:1      | 0 ||| qw: Allow faded altars: false
     0 | D:1      | 0 ||| qw: Do Orc after clearing Dungeon:15 true
     0 | D:1      | 0 ||| qw: Do second Lair branch before Depths: true
     0 | D:1      | 0 ||| qw: Lair rune preference: random
     0 | D:1      | 0 ||| qw: Goals: Normal
     0 | D:1      | 0 ||| PLANNING D:1-11
   173 | D:1      | Reached skill level 3 in Ranged Weapons
   173 | D:1      | Reached XP level 2. HP: 23/23 MP: 2/2
   229 | D:1      | HP: 6/24 [ball python (2)]
   434 | D:1      | Reached XP level 3. HP: 27/29 MP: 3/3
   673 | D:1      | 673 ||| UPGRADING to +0 leather armour.
   683 | D:1      | 683 ||| DROPPING +0 robe.
   684 | D:1      | 684 ||| UPGRADING to +0 cloak.
   689 | D:1      | 689 ||| READING scroll labelled BIDONGABAM.
   690 | D:1      | 690 ||| READING scroll labelled UTUALO MYOKKA.
   691 | D:1      | 691 ||| READING scroll labelled HEOVAL RYGI.
   692 | D:1      | 692 ||| DRINKING 2 lumpy blue potions.
   746 | D:1      | 746 ||| DROPPING scroll of poison.
   747 | D:1      | 747 ||| DROPPING potion of lignification.
   758 | D:2      | 758 ||| STAIRDANCE
   800 | D:2      | Reached skill level 4 in Ranged Weapons
   883 | D:2      | Found a glowing silver altar of Zin.
   952 | D:2      | Found Gonwin's Antique Armour Emporium.
   958 | D:2      | 958 ||| BUYING pair of boots (108 gold).
   958 | D:2      | Bought a pair of boots for 108 gold pieces
   958 | D:2      | 958 ||| SHOPLISTING pair of glowing gloves (180 gold, have
                  | 32).
   958 | D:2      | 958 ||| SHOPLISTING pair of runed boots (180 gold, have
                  | 32).
   958 | D:2      | 958 ||| SHOPLISTING shiny ring mail (168 gold, have 32).
  1004 | D:2      | Found Vesikini's Assorted Antiques.
  1012 | D:2      | 1012 ||| SHOPLISTING moonstone ring (125 gold, have 32).
  1012 | D:2      | 1012 ||| BUYING scroll labelled CIUTWO HUQOEST (25 gold).
  1012 | D:2      | Bought a scroll labelled CIUTWO HUQOEST for 25 gold pieces
  1012 | D:2      | 1012 ||| SHOPLISTING scroll labelled XELYXT ZERETRO (25
                  | gold, have 7).
  1012 | D:2      | 1012 ||| SHOPLISTING scroll of enchant weapon (187 gold,
                  | have 7).
  1012 | D:2      | 1012 ||| SHOPLISTING scroll of identify (50 gold, have 7).
  1012 | D:2      | 1012 ||| SHOPLISTING shiny pearl ring (125 gold, have 7).
  1012 | D:2      | 1012 ||| SHOPLISTING silver ring (125 gold, have 7).
  1103 | D:2      | Found a faded altar of an unknown god.
  1129 | D:2      | 1129 ||| UPGRADING to +0 ring mail.
  1139 | D:2      | 1139 ||| DROPPING +0 leather armour.
  1140 | D:2      | 1140 ||| UPGRADING to +0 pair of boots.
  1145 | D:2      | 1145 ||| READING 2 scrolls labelled HESEBI DUTWYIS.
  1149 | D:2      | 1149 ||| READING scroll labelled CIUTWO HUQOEST.
  1244 | D:3      | 1244 ||| READING 3 scrolls labelled ZIEXYG PAUGAGG.
  1245 | D:3      | 1245 ||| DRINKING 2 blue potions.
  1254 | D:3      | Reached skill level 1 in Armour
  1254 | D:3      | Reached XP level 4. HP: 25/36 MP: 4/4
  1297 | D:3      | 1297 ||| DRINKING 2 bubbling brown potions.
  1307 | D:3      | Found a shimmering altar of Xom.
  1359 | D:3      | 1359 ||| UPGRADING to +0 pair of gloves.
  1424 | D:3      | Found a transporter.
  1427 | D:3      | Noticed qw's ghost (amateur GrHs)
  1571 | D:3      | Found a transporter.
  1676 | D:3      | Found an ancient bone altar of Kikubaaqudgha.
  1735 | D:3      | 1735 ||| READING scroll labelled REGRUS KAJUP.
  1736 | D:3      | 1736 ||| DROPPING 2 scrolls of blinking.
  1737 | D:3      | 1737 ||| DROPPING potion of attraction.
  1791 | D:4      | Noticed an ogre
  1797 | D:4      | Killed an ogre
  1798 | D:4      | Reached skill level 5 in Ranged Weapons
  1798 | D:4      | Reached XP level 5. HP: 28/41 MP: 5/5
  1934 | D:4      | Reached skill level 3 in Fighting
  2062 | D:4      | Found a runed translucent door.
  2063 | D:4      | Noticed Crazy Yiuf
  2151 | D:4      | Found a staircase to the Ecumenical Temple.
  2152 | D:4      | 2152 ||| PLANNING TEMPLE
  2152 | D:4      | 2152 ||| READING 2 scrolls of identify.
  2152 | D:4      | 2152 ||| IDENTIFYING amethyst potion
  2153 | D:4      | 2153 ||| DROPPING potion of berserk rage.
  2162 | Temple   | Entered the Ecumenical Temple
  2302 | Temple   | 2302 ||| PLANNING D:1-11
  2482 | D:4      | Reached skill level 6 in Ranged Weapons
  2755 | D:4      | Reached XP level 6. HP: 51/51 MP: 6/6
  2815 | D:4      | 2815 ||| READING 2 scrolls of identify.
  2815 | D:4      | 2815 ||| IDENTIFYING bubbling coppery potion
  2832 | D:5      | Entered Level 5 of the Dungeon
  2841 | D:5      | 2841 ||| STAIRDANCE
  3310 | D:5      | Reached XP level 7. HP: 42/60 MP: 7/7
  3394 | D:5      | 3394 ||| SWAPPING to +0 shortbow.
  3405 | D:5      | Reached skill level 7 in Ranged Weapons
  3415 | D:5      | 3415 ||| DROPPING +2 sling.
  3532 | D:5      | Found a broken altar of Ashenzari.
  3687 | D:5      | 3687 ||| READING scroll labelled XELYXT ZERETRO.
  3688 | D:5      | 3688 ||| DRINKING 2 sedimented green potions.
  3825 | D:6      | HP: 15/60 [gnoll/+0 halberd[a gnoll bouda] (7)]
  3826 | D:6      | 3826 ||| READING scroll of teleportation.
  3826 | D:6      | HP: 3/60 [gnoll bouda/+0 whip (5)]
  3828 | D:6      | Slain by a gnoll

Levels and vault maps discovered:
D:1:      lemuel_arrival_broad_hall, layout_rooms, serial_forest,
          infiniplex_forest_lined_3, infiniplex_forest_clump_small,
          infiniplex_forest_lined_room_2, infiniplex_forest_end_1,
          infiniplex_forest_pool, infiniplex_forest_lined_ring
D:2:      layout_rooms, serial_shops, nicolae_shop_hallway_plus, shop,
          hellmonk_ecumenical_altar_inner_sanctum, basic_altar, st_stairs_8
D:3:      layout_rooms, kiku_gazebo_pond_becter, demons_altar, tgw_xom,
          gammafunk_ghost_stat_death
D:4:      layout_basic, minmay_temple_entry_mini_moons, uniq_crazy_yiuf_cottage
D:5:      layout_loops_cross, ashenzari_altar_1, hex_tiny,
          kennysheep_generic_room_11
D:6:      layout_gridville, serial_shops, shop
Temple:   hellmonk_temple_flake

Skill      XL: |  1  2  3  4  5  6  7 |
---------------+----------------------+-----
Ranged Weapons | 3 4 5 6 7 |  7.9
Fighting       | 2 3 4 |  4.8
Armour         | 1 2 |  2.2
Dodging        | |  2.1
Spellcasting   | |  1.0
Hexes          | |  2.0

Action                     |  1- 3 |  4- 6 |  7- 9 || total
---------------------------+-------+-------+-------++-------
   Fire: Sling             |   152 |   157 |       ||   309
         Shortbow          |       |       |    51 ||    51
    Use: Scroll            |     6 |     3 |     2 ||    11
         Potion            |     2 |     1 |     1 ||     4
 Armour: Robe              |    20 |       |       ||    20
         Leather armour    |     5 |       |       ||     5
         Ring mail         |     4 |    42 |    13 ||    59
  Dodge: Dodged            |    64 |    95 |    35 ||   194

Table legend:
 A = Non-vault XP
 B = Vault XP
 C = Vault XP percentage of total XP
 D = Non-vault monster count
 E = Vault monster count
 F = Vault count percentage of total count
                 A         B        C        D         E       F
            +---------+---------+-------+---------+---------+-------
      Total |    1038 |      24 |   2.3 |      92 |       7 |   7.1
            +---------+---------+-------+---------+---------+-------
        D:1 |      56 |       0 |   0.0 |      30 |       0 |   0.0
        D:2 |      20 |       2 |   9.1 |      12 |       2 |  14.3
        D:3 |      23 |      22 |  48.9 |       7 |       5 |  41.7
        D:4 |     313 |       0 |   0.0 |      23 |       0 |   0.0
        D:5 |     526 |       0 |   0.0 |      17 |       0 |   0.0
        D:6 |     100 |       0 |   0.0 |       3 |       0 |   0.0
            +---------+---------+-------+---------+---------+-------
